 Dungeon Crawl Stone Soup version 0.30.0-20-g3615ddf2f0 (webtiles) character file.

Game seed: 4775411346476789422

116 qw the Chopper (level 5, -15/32 HPs)
             Began as a Gargoyle Fighter on June 1, 2023.
             Demolished by an ogre
             ... wielding a +0 giant spiked club
              (20 damage)
             ... on level 4 of the Dungeon.
             The game lasted 00:01:09 (2320 turns).

qw the Chopper (Gargoyle Fighter)                   Turns: 2320, Time: 00:01:09

Health: -15/32     AC: 12    Str: 21 (22) XL:     5   Next: 0%
Magic:  5/5        EV:  9    Int:  7 (8)  God:
Gold:   20         SH:  4    Dex:  9      Spells: 4/4 levels left

rFire   . . .        Y - +0 broad axe
rCold   + . .        c - +0 buckler
rNeg    + . .        b - +0 scale mail
rPois   inf          (no helmet)
rElec   +            e - +0 cloak
rCorr   .            (no gloves)
SInv    .            (no boots)
Will    .....        h - amulet of regeneration Stlth
                     n - ring of protection from cold
HPRegen 1.05/turn    (no ring)
MPRegen 0.09/turn

%: no passive effects
@: no status effects
A: sickness immunity, AC +4, negative energy resistance 1, electricity
resistance, torment resistance 1, petrification resistance
a: no special abilities


You were on level 4 of the Dungeon.
You visited 1 branch of the dungeon, and saw 4 of its levels.

You collected 203 gold pieces.
You spent 183 gold pieces at shops.


Innate Abilities, Weirdness & Mutations

You are immune to sickness and miasma.
Your stone body is resilient. (AC +4)
You are immune to poison.
You resist negative energy. (rN+)
You are resistant to electric shocks. (rElec)
You are resistant to unholy torment.
You are immune to petrification.


   Skills:
 - Level 3.2 Fighting
 + Level 4.3 Axes
 - Level 1.0 Throwing
 - Level 3.2 Armour
 - Level 3.2 Shields


You had 4 spell levels left.
You didn't know any spells.
Your spell library was empty.

Inventory:

Hand Weapons
 m - a +0 flail
 Y - a +0 broad axe (weapon)
Missiles
 i - 3 javelins (quivered)
Armour
 b - a +0 scale mail (worn)
 c - a +0 buckler (worn)
 e - a +0 cloak (worn)
Jewellery
 h - an amulet of regeneration (around neck)
 n - a ring of protection from cold (left hand)
Scrolls
 k - a scroll of identify
Potions
 a - a potion of curing
 d - a potion of might
 g - a potion of lignification

Dungeon Overview and Level Annotations

Branches:
Dungeon (4/15)
 Temple: D:4-7

Altars:

Shops:
D:2 (   D:3 **??


Message History

The black bear completely misses you. You block the black bear's attack.
You barely miss the black bear.
The black bear is severely wounded.
You completely miss the hobgoblin. You hit the orc. You hit the endoplasm.
You kill the endoplasm!
The hobgoblin hits you but does no damage.
The orc hits you but does no damage. The black bear bites you.
The black bear claws you but does no damage.
The black bear claws you. The ogre barely misses you. The black bear bites you.
The black bear completely misses you.
The black bear claws you but does no damage.
The hobgoblin hits you.
You have reached level 5!
You barely miss the black bear.
The black bear is severely wounded.
You closely miss the hobgoblin. You hit the orc wizard. You hit the ogre.
You block the hobgoblin's attack. The black bear bites you.
The black bear barely misses you. The black bear closely misses you.
The orc wizard hits you but does no damage.
You closely miss the black bear.
The black bear is severely wounded.
You closely miss the hobgoblin. You barely miss the orc wizard.
You closely miss the ogre.
The ogre hits you with a +0 giant spiked club!
The hobgoblin completely misses you. The black bear barely misses you.
You block the black bear's attack.
The black bear claws you but does no damage.
An orc comes into view. It is wielding a +0 whip.
The orc wizard gestures wildly while chanting.
The orc wizard flickers and vanishes!
Deactivating autopickup; reactivate with Ctrl-A.
The orc shouts!
You hit the black bear.
The black bear is severely wounded.
You barely miss the orc. You hit the hobgoblin but do no damage.
You closely miss something. You slash the ogre!
The hobgoblin hits you but does no damage.
The ogre hits you with a +0 giant spiked club!!
Ouch! That really hurt!
You die...

...........# ..
...........##.o#
............#...
#...............
.>.........$.#
......o..#
#...o..#####
#o{Ohg.....
#..#@o..#..
.....##g###
......## ..#
......# ....
.oo..# .....
..o#. ##.#..#
..##. .#..# .#
..


You could see a black bear, an ogre, 5 orcs and 2 hobgoblins.

Vanquished Creatures
  4 adders
  An ufetubus (D:2)
  2 worms (D:2)
  2 dart slugs (D:1)
  13 endoplasms
  3 giant cockroaches (D:2)
  7 goblins
  4 hobgoblins
  4 jackals (D:1)
  2 quokkas (D:1)
  4 ball pythons
  5 bats
  A frilled lizard (D:1)
  2 kobolds (D:1)
  4 rats
58 creatures vanquished.

Notes
Turn   | Place    | Note
-------+----------+-------------------------------------------
     0 | D:1      | qw the Gargoyle Fighter began the quest for the Orb.
     0 | D:1      | Reached XP level 1. HP: 14/14 MP: 1/1
     0 | D:1      | 0 ||| qw: Version: 0.2-a-102-gdf20003
     0 | D:1      | 0 ||| qw: Game counter: 727
     0 | D:1      | 0 ||| qw: Always use a shield: true
     0 | D:1      | 0 ||| qw: God list: Okawaru
     0 | D:1      | 0 ||| qw: Allow faded altars: false
     0 | D:1      | 0 ||| qw: Do Orc after D:15 true
     0 | D:1      | 0 ||| qw: Do second Lair branch before Depths: true
     0 | D:1      | 0 ||| qw: Lair rune preference: random
     0 | D:1      | 0 ||| qw: Plans: Normal, Zot:1-4, Slime:5, God:TSO, Crypt,
                  | Tomb, Pan, Hells, Abyss, Win
     0 | D:1      | 0 ||| PLANNING D:1-11
    46 | D:1      | Reached skill level 2 in Axes
   113 | D:1      | 113 ||| Stepping ~*~*~tactically~*~*~ (stealth).
   192 | D:1      | Reached XP level 2. HP: 19/19 MP: 2/2
   324 | D:1      | 324 ||| Stepping ~*~*~tactically~*~*~ (hiding).
   435 | D:1      | 435 ||| DROPPING +0 club.
   454 | D:1      | 454 ||| DROPPING +0 whip.
   489 | D:1      | Found a faded altar of an unknown god.
   511 | D:1      | 511 ||| Stepping ~*~*~tactically~*~*~ (stealth).
   531 | D:1      | Reached skill level 3 in Axes
   535 | D:1      | Reached XP level 3. HP: 19/23 MP: 3/3
   822 | D:1      | 822 ||| READING scroll labelled LOARRI XAIWI.
   823 | D:1      | 823 ||| READING scroll labelled CEOMUC RAMNAOTZ.
   824 | D:1      | 824 ||| READING scroll labelled SONNOPT PORAG.
   825 | D:1      | 825 ||| READING scroll labelled FOQUEST NERO.
   826 | D:1      | 826 ||| READING scroll labelled OSUIFU UCIAWK.
   827 | D:1      | 827 ||| DRINKING 2 inky potions.
   828 | D:1      | 828 ||| DROPPING potion of degeneration.
  1067 | D:2      | Reached XP level 4. HP: 28/28 MP: 4/4
  1304 | D:2      | Reached skill level 1 in Throwing
  1450 | D:2      | Found Lyshroiqi's Weapon Boutique.
  1459 | D:2      | 1459 ||| BUYING +0 broad axe (44 gold).
  1459 | D:2      | Bought a +0 broad axe for 44 gold pieces
  1459 | D:2      | 1459 ||| BUYING +0 flail (38 gold).
  1459 | D:2      | Bought a +0 flail for 38 gold pieces
  1459 | D:2      | 1459 ||| SWAPPING to +0 broad axe.
  1460 | D:2      | 1460 ||| DROPPING +1 mace of holy wrath.
  1461 | D:2      | 1461 ||| DROPPING +0 war axe.
  1553 | D:2      | 1553 ||| UPGRADING to +0 cloak.
  1558 | D:2      | 1558 ||| UPGRADING to amulet of guardian spirit.
  1563 | D:2      | 1563 ||| UPGRADING to amulet of regeneration.
  1573 | D:2      | 1573 ||| DROPPING amulet of guardian spirit.
  1574 | D:2      | 1574 ||| READING scroll labelled MUUXZUESCHI.
  1647 | D:3      | Reached skill level 4 in Axes
  1655 | D:3      | Found Katoeh's Magic Scroll Boutique.
  1683 | D:3      | 1683 ||| SHOPLISTING scroll of brand weapon (114 gold, have
                  | 58).
  1683 | D:3      | 1683 ||| BUYING scroll of identify (24 gold).
  1683 | D:3      | Bought a scroll of identify for 24 gold pieces
  1683 | D:3      | 1683 ||| BUYING scroll of identify (24 gold).
  1683 | D:3      | Bought a scroll of identify for 24 gold pieces
  1892 | D:3      | Found Verch's Magic Scroll Shoppe.
  1905 | D:3      | 1905 ||| SHOPLISTING scroll of brand weapon (133 gold, have
                  | 37).
  1905 | D:3      | 1905 ||| BUYING scroll of identify (28 gold).
  1905 | D:3      | Bought a scroll of identify for 28 gold pieces
  1905 | D:3      | 1905 ||| SHOPLISTING scroll of identify (28 gold, have 9).
  2042 | D:3      | Found Forghamu's Assorted Antiques.
  2060 | D:3      | 2060 ||| SHOPLISTING 2 fizzy brown potions (45 gold, have
                  | 34).
  2060 | D:3      | 2060 ||| SHOPLISTING 2 glowing sapphire potions (45 gold,
                  | have 34).
  2060 | D:3      | 2060 ||| SHOPLISTING glowing silver amulet (125 gold, have
                  | 34).
  2060 | D:3      | 2060 ||| SHOPLISTING runed mace (150 gold, have 34).
  2060 | D:3      | 2060 ||| BUYING scroll labelled COEXOGUGE (25 gold).
  2060 | D:3      | Bought a scroll labelled COEXOGUGE for 25 gold pieces
  2145 | D:3      | Found Xusuum's Assorted Antiques.
  2149 | D:3      | 2149 ||| SHOPLISTING 2 scrolls labelled COEXOGUGE (64 gold,
                  | have 9).
  2149 | D:3      | 2149 ||| SHOPLISTING scroll labelled FEQIMY MIJEFIUREUT (32
                  | gold, have 9).
  2149 | D:3      | 2149 ||| SHOPLISTING scroll labelled XUUCLO SIAGH (32 gold,
                  | have 9).
  2149 | D:3      | 2149 ||| SHOPLISTING scroll of identify (64 gold, have 9).
  2267 | D:3      | 2267 ||| DROPPING ring of magical power.
  2268 | D:3      | 2268 ||| UPGRADING to ring of protection from cold.
  2269 | D:3      | 2269 ||| READING scroll labelled OMEETU GESA.
  2274 | D:3      | 2274 ||| READING scroll labelled COEXOGUGE.
  2278 | D:3      | 2278 ||| READING 4 scrolls of identify.
  2278 | D:3      | 2278 ||| IDENTIFYING amethyst potion
  2279 | D:3      | 2279 ||| READING 3 scrolls of identify.
  2279 | D:3      | 2279 ||| IDENTIFYING viscous amethyst potion
  2280 | D:3      | 2280 ||| READING 2 scrolls of identify.
  2280 | D:3      | 2280 ||| IDENTIFYING murky purple potion
  2281 | D:3      | 2281 ||| DROPPING potion of flight.
  2308 | D:4      | Noticed a black bear
  2310 | D:4      | 2310 ||| Stepping ~*~*~tactically~*~*~ (hiding).
  2311 | D:4      | Noticed an ogre
  2318 | D:4      | Reached XP level 5. HP: 16/32 MP: 5/5
  2319 | D:4      | HP: 3/32 [ogre/+0 giant spiked club (12)]
  2320 | D:4      | Demolished by an ogre

Levels and vault maps discovered:
D:1:      minmay_arrival_five_plusses, layout_loops_ring,
          ebering_ecumenical_altar_hall
D:2:      layout_loops_ring, serial_shops, shop
D:3:      layout_basic, serial_shops, nicolae_shop_crystal, shop,
          nicolae_shop_overgrown_old_shop, nicolae_shop_back_alley_shop,
          minmay_stone_trees_large
D:4:      layout_cave_pools, uniq_natasha

Skill      XL: |  1  2  3  4 |
---------------+-------------+-----
Axes           | 2 3 4 |  4.3
Throwing       | 1 |  1.0
Fighting       | |  3.2
Armour         | |  3.2
Shields        | |  3.2

Action                     |  1- 3 |  4- 6 || total
---------------------------+-------+-------++-------
  Melee: War axe           |    93 |    17 ||   110
         Broad axe         |       |    37 ||    37
  Throw: Javelin           |       |    35 ||    35
    Use: Scroll            |     5 |     6 ||    11
         Potion            |     1 |       ||     1
 Armour: Scale mail        |    40 |    36 ||    76
  Dodge: Dodged            |    42 |    46 ||    88
  Block: Buckler           |    13 |    18 ||    31

Table legend:
 A = Non-vault XP
 B = Vault XP
 C = Vault XP percentage of total XP
 D = Non-vault monster count
 E = Vault monster count
 F = Vault count percentage of total count
                 A         B        C        D         E       F
            +---------+---------+-------+---------+---------+-------
      Total |     166 |       0 |   0.0 |      58 |       0 |   0.0
            +---------+---------+-------+---------+---------+-------
        D:1 |      38 |       0 |   0.0 |      20 |       0 |   0.0
        D:2 |      86 |       0 |   0.0 |      21 |       0 |   0.0
        D:3 |      40 |       0 |   0.0 |      16 |       0 |   0.0
        D:4 |       2 |       0 |   0.0 |       1 |       0 |   0.0
            +---------+---------+-------+---------+---------+-------
